 Dungeon Crawl Stone Soup version 0.23.2-1-ga50397a6bc (webtiles) character file.

Game seed: 5391195916944656401

803 Freyura the Skirmisher (level 7, -12/60 HPs)
             Began as a Gnoll Abyssal Knight on Apr 25, 2019.
             Was a Priest of Lugonu.
             Mangled by Duvessa
             ... wielding a +3 rapier of protection
              (19 damage)
             ... on level 5 of the Dungeon.
             The game lasted 00:16:26 (4165 turns).

Freyura the Skirmisher (Gnoll Abyssal Knight)       Turns: 4165, Time: 00:16:26

Health: -12/60     AC:  7    Str: 14    XL:     7   Next: 91%
Magic:  3/11       EV: 16    Int: 15    God:    Lugonu [***...]
Gold:   243        SH:  0    Dex: 16    Spells: 11/11 levels left

rFire    + . .     SeeInvis .   a - +1 mace
rCold    . . .     Gourm    .   (no shield)
rNeg     . . .     Faith    +   n - +1 ring mail {rF+}
rPois    .         Spirit   .   (no helmet)
rElec    .         Reflect  .   (no cloak)
rCorr    .         Harm     .   (no gloves)
MR       +....                  (no boots)
Stlth    ++........             h - amulet of faith
HPRegen  0.20/turn              g - ring of protection from magic
MPRegen  0.12/turn              b - +3 ring of evasion

@: no status effects
A: distributed training, fangs 1, strong nose
a: Depart the Abyss, Bend Space, Banish, Renounce Religion


You were on level 5 of the Dungeon.
You worshipped Lugonu.
Lugonu was most pleased with you.
You were not hungry.

You visited 1 branch of the dungeon, and saw 7 of its levels.
You visited the Abyss 1 time.

You collected 243 gold pieces.

Inventory:

Hand Weapons
 a - a +1 mace (weapon)
Armour
 n - a +1 ring mail of fire resistance (worn)
Jewellery
 b - a +3 ring of evasion (right hand)
 g - a ring of protection from magic (left hand)
 h - an amulet of faith (around neck)
 r - an uncursed ring of ice
Scrolls
 f - 2 scrolls of remove curse
 j - a scroll of teleportation
 k - 3 scrolls of enchant armour
 l - a scroll of identify
 q - a scroll of fear
Potions
 d - 2 potions of flight
 m - 3 potions of magic
 o - 3 potions of cancellation
Comestibles
 c - 8 rations


   Skills:
 + Level 7.1 Fighting
 + Level 2.7 Short Blades
 + Level 2.7 Long Blades
 + Level 2.7 Axes
 + Level 5.3 Maces & Flails
 + Level 2.7 Polearms
 + Level 2.7 Staves
 + Level 2.7 Slings
 + Level 2.7 Bows
 + Level 2.7 Crossbows
 + Level 2.7 Throwing
 + Level 5.3 Armour
 + Level 3.8 Dodging
 + Level 2.7 Stealth
 + Level 2.7 Shields
 + Level 2.7 Unarmed Combat
 + Level 2.7 Spellcasting
 + Level 2.2 Conjurations
 + Level 2.2 Hexes
 + Level 2.2 Charms
 + Level 2.2 Summonings
 + Level 2.2 Necromancy
 + Level 2.2 Translocations
 + Level 2.2 Transmutations
 + Level 2.2 Fire Magic
 + Level 2.2 Ice Magic
 + Level 2.2 Air Magic
 + Level 2.2 Earth Magic
 + Level 2.2 Poison Magic
 + Level 5.5 Invocations
 + Level 2.7 Evocations


You had 11 spell levels left.
You didn't know any spells.
Your spell library was empty.

Dungeon Overview and Level Annotations

Branches:
Dungeon (7/15)
 Temple: D:4-7

Altars:
Fedhas
Okawaru

Annotations:
D:5 Duvessa
Abyss:1 Dowan


Innate Abilities, Weirdness & Mutations

Your experience applies equally to all skills.
You have very sharp teeth.
Your uncanny sense of smell can sniff out nearby items.


Message History

[Y]es or [N]o only, please.
Really target yourself?
Okay, then.
Press: ? - help, Shift-Dir - straight line, f - Dowan
Aim: Dowan, wielding a +0 dagger and wearing a +0 robe (chance to defeat MR: 83%)
You fail to use your ability.
Duvessa closely misses you. Dowan barely misses you. Duvessa barely misses you.
Press: ? - help, Shift-Dir - straight line, f/p - Dowan
Aim: Dowan, wielding a +0 dagger and wearing a +0 robe (chance to defeat MR: 83%) Dowan is devoured by a tear in reality.
Lugonu claims a new guest.
Duvessa screams, "No!
How DARE you!"
Duvessa goes berserk!
You feel somewhat more hungry.
You can no longer corrupt the fabric of space.
Duvessa barely misses you.
You barely miss Duvessa.
Duvessa is severely wounded.
Duvessa barely misses you.
Duvessa hits you with a +3 rapier of protection!!
You die...

*,,,,,,*∆,,,,#................
*,,,,,,*∆,,,∆#................
*,,,,,,+,,∆,,#................
*,,,,,,+,,,,∆#................
*,,,,,,+,∆,,,#................
*,,,,,,*,,,∆,#................
*,,,,,,*8,,∆,#...........###..
*,,,,..#######.§.........# #..
*,,,,.......e@§..........# #..
*,,,,.......############## #..
*,,,,.......* ###
*,,,,.......********
*,,,,.......**,,,,,*
*,,,,.......**,,,,,*
*,,,,.......,,,,,,,*
*,,,,.......,,,,,***
**********,,,,,,,*


You could see Duvessa (berserk).

Vanquished Creatures
  2 ogres (D:5)
  2 bullfrogs
  2 howler monkeys (D:5)
  A centaur zombie (D:6)
  A hound (D:4)
  3 iguanas
  Terence (D:3)
  A killer bee zombie (D:5)
  A hound skeleton (D:5)
  A worker ant zombie (D:5)
  7 adders
  A shadow imp (D:3)
  2 adder skeletons
  2 worms
  3 dart slugs
  7 leopard geckos
  14 orcs
  6 bats
  A giant cockroach (D:1)
  7 goblins
  9 hobgoblins
  8 jackals
  11 kobolds
  A quokka (D:5)
  2 ball pythons
  11 frilled lizards
  A jackal skeleton (D:4)
  A quokka zombie (D:6)
  7 rats
116 creatures vanquished.

Notes
Turn   | Place    | Note
-------+----------+-------------------------------------------
     0 | Abyss:1  | Freyura the Gnoll Abyssal Knight began the quest for the
                  | Orb.
     0 | Abyss:1  | Reached XP level 1. HP: 23/23 MP: 3/3
    90 | Abyss:1  | Noticed a large abomination
    91 | D:1      | Escaped the Abyss
   487 | D:1      | Reached * piety under Lugonu
   507 | D:1      | Reached XP level 2. HP: 29/29 MP: 5/5
   768 | D:1      | Reached XP level 3. HP: 35/35 MP: 6/6
  1095 | D:2      | Reached skill level 1 in Short Blades
  1095 | D:2      | Reached skill level 1 in Long Blades
  1095 | D:2      | Reached skill level 1 in Axes
  1095 | D:2      | Reached skill level 1 in Polearms
  1095 | D:2      | Reached skill level 1 in Staves
  1095 | D:2      | Reached skill level 1 in Slings
  1095 | D:2      | Reached skill level 1 in Bows
  1095 | D:2      | Reached skill level 1 in Crossbows
  1095 | D:2      | Reached skill level 1 in Throwing
  1095 | D:2      | Reached skill level 1 in Stealth
  1095 | D:2      | Reached skill level 1 in Shields
  1095 | D:2      | Reached skill level 1 in Unarmed Combat
  1095 | D:2      | Reached skill level 1 in Spellcasting
  1095 | D:2      | Reached skill level 1 in Evocations
  1100 | D:2      | Reached ** piety under Lugonu
  1100 | D:2      | Reached XP level 4. HP: 25/41 MP: 7/7
  1735 | D:3      | Reached skill level 1 in Conjurations
  1735 | D:3      | Reached skill level 1 in Hexes
  1735 | D:3      | Reached skill level 1 in Charms
  1735 | D:3      | Reached skill level 1 in Summonings
  1735 | D:3      | Reached skill level 1 in Necromancy
  1735 | D:3      | Reached skill level 1 in Translocations
  1735 | D:3      | Reached skill level 1 in Transmutations
  1735 | D:3      | Reached skill level 1 in Fire Magic
  1735 | D:3      | Reached skill level 1 in Ice Magic
  1735 | D:3      | Reached skill level 1 in Air Magic
  1735 | D:3      | Reached skill level 1 in Earth Magic
  1735 | D:3      | Reached skill level 1 in Poison Magic
  1746 | D:3      | Found a blossoming altar of Fedhas.
  1792 | D:3      | Noticed Terence
  1963 | D:3      | Reached *** piety under Lugonu
  1963 | D:3      | Reached XP level 5. HP: 47/47 MP: 8/8
  2160 | D:3      | Killed Terence
  2502 | D:4      | You fall through a shaft for 3 floors!
  2585 | D:6      | Reached skill level 5 in Invocations
  2585 | D:6      | Reached XP level 6. HP: 45/53 MP: 9/9
  2590 | D:5      | Entered Level 5 of the Dungeon
  2635 | D:5      | Reached skill level 5 in Maces & Flails
  2635 | D:5      | Reached skill level 5 in Armour
  3332 | D:4      | Found an iron altar of Okawaru.
  3347 | D:4      | Reached XP level 7. HP: 47/59 MP: 10/10
  3603 | D:5      | Reached skill level 7 in Fighting
  3733 | D:5      | Reached **** piety under Lugonu
  3982 | D:5      | Noticed Dowan
  4143 | D:5      | Noticed Duvessa
  4164 | D:5      | Banished Dowan
  4165 | D:5      | Mangled by Duvessa

Skill      XL: |  1  2  3  4  5  6  7 |
---------------+----------------------+-----
Short Blades   | 1 2 |  2.7
Long Blades    | 1 2 |  2.7
Axes           | 1 2 |  2.7
Polearms       | 1 2 |  2.7
Staves         | 1 2 |  2.7
Slings         | 1 2 |  2.7
Bows           | 1 2 |  2.7
Crossbows      | 1 2 |  2.7
Throwing       | 1 2 |  2.7
Stealth        | 1 2 |  2.7
Shields        | 1 2 |  2.7
Unarmed Combat | 1 2 |  2.7
Spellcasting   | 1 2 |  2.7
Evocations     | 1 2 |  2.7
Conjurations   | 1 2 |  2.2
Hexes          | 1 2 |  2.2
Charms         | 1 2 |  2.2
Summonings     | 1 2 |  2.2
Necromancy     | 1 2 |  2.2
Translocations | 1 2 |  2.2
Transmutations | 1 2 |  2.2
Fire Magic     | 1 2 |  2.2
Ice Magic      | 1 2 |  2.2
Air Magic      | 1 2 |  2.2
Earth Magic    | 1 2 |  2.2
Poison Magic   | 1 2 |  2.2
Dodging        | 3 |  3.8
Invocations    | 5 |  5.5
Maces & Flails | 5 |  5.3
Armour         | 5 |  5.3
Fighting       | 7 |  7.1

Action                   |  1- 3 |  4- 6 |  7- 9 || total
-------------------------+-------+-------+-------++-------
Melee: Mace              |    67 |   224 |   114 ||   405
       Bite              |     9 |    23 |    19 ||    51
       Punch             |       |     1 |     2 ||     3
Invok: Depart the Abyss  |     1 |       |       ||     1
       Banish            |       |       |     2 ||     2
  Use: Scroll            |     4 |     8 |     3 ||    15
 Stab: Sleeping          |     4 |     1 |     1 ||     6
  Eat: Chunk             |       |     6 |       ||     6
       Ration            |       |     2 |       ||     2
Armor: Leather armour    |    25 |     2 |       ||    27
       Ring mail         |       |    79 |    17 ||    96
Dodge: Dodged            |    36 |   151 |    93 ||   280
